 Dungeon Crawl Stone Soup version 0.22.1-1-ga44c0e5 (webtiles) character file.

358 lysyklops the Poker (level 6, 0/49 HPs)
             Began as a Merfolk Gladiator on Sept 30, 2018.
             Was a Follower of the Shining One.
             Slain by Pikel
             ... wielding a +1 whip of freezing
              (9 damage)
             ... on level 4 of the Dungeon.
             The game lasted 00:05:56 (2981 turns).

lysyklops the Poker (Merfolk Gladiator)             Turns: 2981, Time: 00:05:56

Health: 0/49       AC:  5    Str: 15    XL:     6   Next: 64%
Magic:  6/6        EV: 16    Int:  7    God:    the Shining One [*.....]
Gold:   89         SH:  0    Dex: 17    Spells: 5/5 levels left

rFire    . . .     SeeInvis .   a - +0 trident
rCold    . . .     Gourm    .   (no shield)
rNeg     . . .     Faith    .   b - +0 leather armour
rPois    .         Spirit   .   c - +0 helmet
rElec    .         Reflect  .   i - +0 cloak
rCorr    .         Harm     .   (no gloves)
MR       .....                  (no boots)
Stlth    +.........             (no amulet)
HPRegen  0.16/turn              (no ring)
MPRegen  0.10/turn              (no ring)

@: glowing
A: change form in water, swift swim, stealthy swim
a: Renounce Religion


You were on level 4 of the Dungeon.
You worshipped the Shining One.
The Shining One was aware of your devotion.
You were near starving.

You visited 1 branch of the dungeon, and saw 4 of its levels.

You collected 89 gold pieces.

Inventory:

Hand Weapons
 a - a +0 trident (weapon)
Missiles
 d - 3 throwing nets (quivered)
Armour
 b - a +0 leather armour (worn)
 c - a +0 helmet (worn)
 i - a +0 cloak (worn)
Jewellery
 q - an uncursed amulet of faith {unknown}
 y - an uncursed ring of wizardry {unknown}
Wands
 o - a wand of acid (7)
 A - a wand of polymorph (17)
Scrolls
 e - a scroll of random uselessness {unknown}
 g - 2 scrolls of enchant armour {unknown}
 h - 2 scrolls of teleportation {unknown}
 k - 4 scrolls of fog {unknown}
 l - 3 scrolls of identify {unknown}
 n - 2 scrolls of remove curse {unknown}
 p - 2 scrolls of blinking {unknown}
 w - a scroll of noise {unknown}
Potions
 j - 2 potions of heal wounds {unknown}
 m - 2 potions of degeneration {unknown}
 r - a potion of mutation {unknown}
 s - 4 potions of curing {unknown}
 t - a potion of brilliance {unknown}
 u - a potion of lignification {unknown}
 v - a potion of berserk rage
 x - a potion of invisibility {unknown}
 z - a potion of might {unknown}
 B - a potion of haste {unknown}
Comestibles
 f - 7 rations


   Skills:
 + Level 4.6 Fighting
 + Level 7.0 Polearms
 - Level 2.0 Throwing
 + Level 6.3 Dodging


You had 5 spell levels left.
You didn't know any spells.
Your spell library was empty.

Dungeon Overview and Level Annotations

Branches:
Dungeon (4/15)
 Temple: D:4-7

Altars:
The Shining One

Annotations:
D:4 Pikel


Message History

You barely miss Pikel.
Pikel is lightly wounded.
Pikel closely misses you.
An iguana comes into view.
You hit Pikel.
Pikel is moderately wounded.
Pikel misses you. Pikel barely misses you.
You hit Pikel.
Pikel is moderately wounded.
Pikel barely misses you.
You barely miss Pikel.
Pikel is moderately wounded.
Pikel completely misses you. The slave closely misses you.
Pikel hits you with a whip of freezing!
* * * LOW HITPOINT WARNING * * *
Pikel freezes you.
* * * LOW HITPOINT WARNING * * *
The iguana hisses menacingly.
Pikel hits you with a whip of freezing!
You die...

#.......########
#..............##
#............>.. #......#.....
#...#.#.#.###.. ##...!l%....#
#####..p.p##..###
#########.....#K#.# #
#.........##..@...###.
#.........##...............
#.........##......>#....#.# .#
#.........##[...........#.# .#
#.........##..............##.##
#.................#......##....
#...............###.#....##..#.
#.........#.#...###.#.#.รท.....(
#.........#.##................#


You could see Pikel (berserk), 2 slaves and an iguana.

Vanquished Creatures
  2 slaves (D:4)
  An ogre (D:4)
  A bullfrog skeleton (D:4)
  Jessica (D:2)
  Natasha (thrice) (D:2)
  3 adders (D:3)
  2 oozes
  A worm (D:2)
  4 dart slugs
  3 leopard geckos
  5 orcs
  4 giant cockroaches
  10 goblins
  10 hobgoblins
  7 jackals
  10 kobolds
  A quokka (D:4)
  8 bats
  4 frilled lizards
  9 rats
89 creatures vanquished.

Notes
Turn   | Place    | Note
-------+----------+-------------------------------------------
     0 | D:1      | lysyklops the Merfolk Gladiator began the quest for the
                  | Orb.
     0 | D:1      | Reached XP level 1. HP: 16/16 MP: 1/1
   133 | D:1      | Reached XP level 2. HP: 23/23 MP: 2/2
   548 | D:1      | Reached skill level 5 in Polearms
   550 | D:1      | Reached XP level 3. HP: 28/28 MP: 3/3
   881 | D:2      | Noticed Jessica
   887 | D:2      | Killed Jessica
   887 | D:2      | Reached skill level 5 in Dodging
   887 | D:2      | Reached XP level 4. HP: 35/35 MP: 4/4
   890 | D:2      | Found a glowing golden altar of the Shining One.
  1025 | D:2      | Became a worshipper of the Shining One
  1215 | D:2      | Noticed Natasha
  1225 | D:2      | Killed Natasha
  1278 | D:2      | Reached XP level 5. HP: 36/41 MP: 5/5
  1446 | D:2      | Noticed Natasha
  1467 | D:2      | Killed Natasha
  1467 | D:2      | Reached skill level 6 in Polearms
  1592 | D:2      | Noticed Natasha
  1606 | D:2      | Killed Natasha
  2296 | D:3      | Reached XP level 6. HP: 48/48 MP: 6/6
  2573 | D:4      | Reached * piety under the Shining One
  2665 | D:4      | Reached skill level 7 in Polearms
  2943 | D:4      | Noticed a slave
  2943 | D:4      | Noticed a slave
  2951 | D:4      | Killed a slave
  2961 | D:4      | Noticed Pikel
  2967 | D:4      | Killed a slave
  2969 | D:4      | Noticed a slave
  2971 | D:4      | Noticed a slave
  2981 | D:4      | Slain by Pikel

Skill      XL: |  1  2  3  4  5  6 |
---------------+-------------------+-----
Polearms       | 5 6 7 |  7.0
Fighting       | 3 4 |  4.6
Dodging        | 5 6 |  6.3
Throwing       | |  2.0

Action                   |  1- 3 |  4- 6 || total
-------------------------+-------+-------++-------
Melee: Trident           |   103 |   228 ||   331
 Stab: Sleeping          |     2 |       ||     2
  Eat: Chunk             |       |     5 ||     5
Armor: Leather armour    |    17 |    33 ||    50
Dodge: Dodged            |    47 |   155 ||   202
